 Dungeon Crawl Stone Soup version 0.27-a0-1200-g94dc6ad4cf (webtiles) character file.

Game seed: 13684589810807079993

294 bande the Shield-Bearer (level 6, 0/38 HPs)
             Began as a Gargoyle Fighter on May 30, 2021.
             Slain by an iron imp (8 damage)
             ... summoned by Eustachio
             ... on level 4 of the Dungeon.
             The game lasted 00:06:30 (4134 turns).

bande the Shield-Bearer (Gargoyle Fighter)          Turns: 4134, Time: 00:06:30

Health: 0/38       AC: 17    Str: 21    XL:     6   Next: 33%
Magic:  6/6        EV:  4    Int:  8    God:
Gold:   1287       SH:  9    Dex: 10    Spells: 3/5 levels left

rFire    . . .     SeeInvis .   a - +1 war axe
rCold    . . .     Faith    .   c - +0 kite shield
rNeg     + . .     Spirit   .   l - +0 plate armour
rPois    ∞         Reflect  .   (no helmet)
rElec    +         Harm     .   i - +0 cloak
rCorr    +         Rampage  .   (no gloves)
Will     .....                  (no boots)
Stlth    ..........             (no amulet)
HPRegen  0.12/turn              m - ring of resist corrosion
MPRegen  0.10/turn              (no ring)

@: no status effects
A: sickness immunity, AC +4, negative energy resistance 1, electricity
resistance, torment resistance 1, petrification resistance
a: no special abilities


You were on level 4 of the Dungeon.
You visited 1 branch of the dungeon, and saw 4 of its levels.

You collected 1287 gold pieces.

Inventory:

Hand Weapons
 a - a +1 war axe (weapon)
Armour
 c - a +0 kite shield (worn)
 i - a +0 cloak (worn)
 l - a +0 plate armour (worn)
Jewellery
 m - a ring of resist corrosion (left hand)
 p - an amulet of the acrobat
Wands
 g - a wand of polymorph (5)
Scrolls
 b - 2 scrolls of enchant weapon
 k - a scroll of identify
 o - a scroll of holy word
 q - 2 scrolls of teleportation
Potions
 d - 2 potions of might
 e - a potion of curing
 f - a potion of flight {unknown}
 h - a potion of brilliance {unknown}
 j - a potion of cancellation {unknown}
 n - a potion of attraction {unknown}


   Skills:
 + Level 3.9 Fighting
 + Level 3.5 Axes
 + Level 4.2 Armour
 + Level 0.5 Dodging
 + Level 4.6 Shields
 * Level 1.3 Translocations
 * Level 1.0 Evocations


You had 3 spell levels left.
You knew the following spells:

 Your Spells              Type           Power      Damage    Failure   Level
a - Blink                 Tloc           N/A        N/A       100%        2

Your spell library contained the following spells:

 Spells                   Type           Power      Damage    Failure   Level
 Magic Dart               Conj           0%         1d3       100%        1
 Call Imp                 Summ           0%         N/A       100%        2
 Slow                     Hex            0%         N/A       100%        2
 Conjure Flame            Conj/Fire      0%         6-21      100%        3
 Mephitic Cloud           Conj/Pois/Air  0%         N/A       100%        3


Dungeon Overview and Level Annotations

Branches:
Dungeon (4/15)
 Temple: D:4-7

Altars:
Nemelex Xobeh

Annotations:
D:4 Eustachio


Innate Abilities, Weirdness & Mutations

You are immune to sickness and miasma.
Your stone body is resilient. (AC +4)
You are immune to poison.
You resist negative energy. (rN+)
You are resistant to electric shocks. (rElec)
You are resistant to unholy torment.
You are immune to petrification.


Message History

You hit the iron imp but do no damage. You barely miss the iron imp.
You hit the quasit. You block Eustachio's attack.
The iron imp hits you but does no damage. x2
The quasit bites you but does no damage.
The quasit claws you. The quasit barely misses you.
Eustachio hits you with a +0 falchion. The quasit bites you.
The quasit claws you but does no damage. x2
The iron imp hits you. You block the iron imp's attack.
You closely miss Eustachio.
Eustachio is severely wounded.
You barely miss the iron imp. You hit the iron imp but do no damage.
You miss the quasit. Eustachio completely misses you.
Eustachio hits you but does no damage.
The quasit bites you but does no damage.
You block the quasit's attack. x2; You block the iron imp's attack.
The iron imp hits you. Eustachio hits you but does no damage.
Your shield and plate armour prevent you from hitting Eustachio.
Eustachio is severely wounded.
You closely miss the quasit.
You hit the iron imp but do no damage. x2
The quasit bites you but does no damage.
The quasit claws you but does no damage. x2
Eustachio hits you but does no damage.
The quasit bites you but does no damage.
You block the quasit's attack.
The quasit claws you but does no damage.
Eustachio hits you but does no damage. The iron imp hits you!
The iron imp hits you but does no damage.
The quasit bites you but does no damage.
The quasit completely misses you.
The quasit claws you but does no damage.
You closely miss Eustachio.
Eustachio is severely wounded.
You miss the quasit. You hit the iron imp but do no damage.
You closely miss the iron imp. Eustachio hits you with a +0 falchion.
* * * LOW HITPOINT WARNING * * *
Eustachio hits you but does no damage. You block the quasit's attack.
The quasit claws you but does no damage. x2
The iron imp hits you but does no damage.
The iron imp hits you!
You die...

..#.#.##.#
###.#..#.#####.#
######
.......#.......##....(
....##...#####.......
.####...............
.# #.#.)#####..... .#
#.#.........#.######
..
#.#.>..!.#..#5......
.. #.#....#..(.@@..#
.. #.#....#....55..#
...'......#........#
...#.#.##'#........# .
#.#. ...........# # ##
...........#
.....######## .....#
.#


You could see Eustachio (fast), 2 iron imps and a quasit (summoned).

Vanquished Creatures
  A phantom (D:4)
  Natasha (twice) (D:2)
  2 orc wizards (D:4)
  5 adders
  An adder skeleton (D:4)
  A dart slug (D:3)
  7 orcs
  4 ball pythons (D:1)
  4 bats
  6 endoplasms
  3 giant cockroaches
  10 goblins
  2 hobgoblins
  3 quokkas
  4 frilled lizards
  8 kobolds
  3 rats
66 creatures vanquished.

Notes
Turn   | Place    | Note
-------+----------+-------------------------------------------
     0 | D:1      | bande the Gargoyle Fighter began the quest for the Orb.
     0 | D:1      | Reached XP level 1. HP: 14/14 MP: 1/1
   352 | D:1      | Reached XP level 2. HP: 15/19 MP: 2/2
  1349 | D:2      | Noticed Natasha
  1354 | D:2      | Killed Natasha
  1355 | D:2      | Reached XP level 3. HP: 23/23 MP: 3/3
  1375 | D:2      | Learned a level 2 spell: Blink
  1764 | D:2      | Reached XP level 4. HP: 26/28 MP: 4/4
  2024 | D:2      | You fall into a shaft and drop 2 floors!
  2142 | D:4      | Identified a scroll of acquirement
  2142 | D:4      | Acquired 1134 gold pieces
  2235 | D:3      | Found a sparkling altar of Nemelex Xobeh.
  2533 | D:2      | Noticed Natasha
  2546 | D:2      | Killed Natasha
  2547 | D:2      | Reached XP level 5. HP: 29/33 MP: 5/5
  2854 | D:3      | Found a faded altar of an unknown god.
  2872 | D:3      | Reached skill level 1 in Translocations
  3381 | D:4      | Noticed a phantom
  3530 | D:4      | Killed a phantom
  3531 | D:4      | Reached skill level 1 in Evocations
  3535 | D:4      | Reached XP level 6. HP: 24/38 MP: 6/6
  4113 | D:4      | Noticed Eustachio
  4134 | D:4      | Slain by an iron imp

Illustrated notes

Levels and vault maps discovered:
D:1:      wheals_arrival_linesprint, layout_basic, st_stairs_12,
          chequers_serial_rivers_small_b
D:2:      layout_loops_corners, uniq_natasha
D:3:      layout_loops_ring, nemelex_diamond_rough_becter,
          ebering_ecumenical_altar_webs
D:4:      layout_basic, grunt_temple_overflow_open, minmay_three_crescents,
          uniq_eustachio, uniq_blork_the_orc

Skill      XL: |  1  2  3  4  5 |
---------------+----------------+-----
Axes           | 2 3 |  3.5
Shields        | 4 |  4.6
Armour         | 4 |  4.2
Translocations | 1 |  1.3
Evocations     | 1 |  1.0
Fighting       | |  3.9
Dodging        | |  0.5

Action                   |  1- 3 |  4- 6 || total
-------------------------+-------+-------++-------
Melee: War axe           |    80 |   157 ||   237
  Use: Scroll            |     4 |     4 ||     8
Armor: Scale mail        |    49 |    19 ||    68
       Plate armour      |       |   166 ||   166
Dodge: Dodged            |    26 |    37 ||    63
Block: Kite shield       |    48 |   103 ||   151

Table legend: (Time is in decaauts)
 A = Elapsed time spent in this place.
 B = Non-inter-level travel time spent in this place.
 C = Inter-level travel time spent in this place.
 D = Time resting spent in this place.
 E = Time spent auto-exploring this place.
 F = Levels seen in this place.
 G = Mean time per level.
                   A        B        C        D        E       F      G
               +--------+--------+--------+--------+--------+-----+--------+
         Total |   4289 |   4278 |     11 |    474 |   2910 |   4 | 1072.2 |
       Dungeon |   4289 |   4278 |     11 |    474 |   2910 |   4 | 1072.2 |
               +--------+--------+--------+--------+--------+-----+--------+

Top non-repeatable levels by time:
     D:1: 1390 daAuts
     D:3: 1118 daAuts
     D:2: 1116 daAuts
     D:4: 664 daAuts
